 Dungeon Crawl Stone Soup version 0.16.1-7-g2c6721e (console) character file.

6742 gw the Basher (level 10, -15/90 (92) HPs)
             Began as a Deep Dwarf Fighter on Mar 29, 2015.
             Was an Elder of Makhleb.
             Demolished by a hill giant
             ... wielding a +0 giant spiked club
              (17 damage)
             ... on level 11 of the Dungeon.
             The game lasted 00:19:31 (9980 turns).

gw the Basher (Deep Dwarf Fighter)                  Turns: 9980, Time: 00:19:31

HP:   -15/90 (92)   AC: 16    Str: 20    XL:     10   Next: 75%
MP:   15/15         EV:  6    Int:  9    God:    Makhleb [****..]
Gold: 459           SH: 11    Dex: 15    Spells: 0 memorised, 9 levels left

rFire  . . .     SeeInvis .     b - +1 morningstar
rCold  . . .     Clarity  .     e - +0 chain mail
rNeg   . . .     SustAb   .     c - +0 shield
rPois  +         Gourm    .     (no helmet)
rElec  .         Spirit   .     m - +2 cloak
rCorr  .         Warding  .     z - +0 pair of gloves
rMut   .         Stasis   .     F - +0 pair of boots
MR     +....                    (no amulet)
Stlth  ..........               (no ring)
                                i - ring of poison resistance

@: non-regenerating, somewhat resistant to hostile enchantments, extremely
unstealthy
A: damage resistance, recharge devices, blurry vision 1, breathe flames 1, sense
surroundings 3, slow healing 3
a: Device Recharging, Minor Destruction, Lesser Servant of Makhleb, Major
Destruction, Renounce Religion, Breathe Fire


You were on level 11 of the Dungeon.
You worshipped Makhleb.
Makhleb was greatly pleased with you.
You were hungry.

You visited 2 branches of the dungeon, and saw 12 of its levels.

You collected 459 gold pieces.

Inventory:

Hand weapons
 b - a +1 morningstar (weapon)
Missiles
 g - 238 stones
 n - 44 poisoned needles
 A - 15 curare-tipped needles
 E - 4 poisoned tomahawks (quivered)
 G - a tomahawk
Armour
 c - a +0 shield (worn)
 e - a +0 chain mail (worn)
 m - a +2 cloak (worn)
 t - a +0 plate armour
 z - a +0 pair of gloves (worn)
 F - a +0 pair of boots (worn)
Jewellery
 i - a ring of poison resistance (left hand)
Magical devices
 a - a wand of polymorph (14)
 d - a wand of heal wounds (2)
 h - a wand of digging (9)
 o - a wand of disintegration (16)
 p - a wand of fireball (2)
 y - a wand of draining (6)
 C - a wand of fire (8)
Scrolls
 j - 11 scrolls of identify
 s - 6 scrolls of remove curse
Potions
 k - a potion of brilliance
 l - 5 potions of curing
 w - a potion of restore abilities
 B - a potion of resistance
 H - a potion of flight
Comestibles
 f - 9 bread rations
 q - 5 chunks of flesh
 r - 9 slices of pizza
 u - 8 fruits
 v - 2 beef jerkies


   Skills:
 + Level 6.5 Fighting
 * Level 9.3 Maces & Flails
 + Level 5.5 Throwing
 + Level 7.6 Armour
 + Level 7.8 Shields
 + Level 6.9 Invocations
 - Level 1.3 Evocations


You had 9 spell levels left.
You didn't know any spells.

Dungeon Overview and Level Annotations

Branches:
Dungeon (11/15)            Temple (1/1) D:4            Lair (0/8) D:8
    Orc: D:9-12

Altars:
Ashenzari
Cheibriados
Dithmenos
Elyvilon
Fedhas
Gozag
Makhleb
Okawaru
Ru
Trog
Xom
Yredelemnul
Zin
The Shining One

Shops:
D:5 [   D:6 *   D:8 *   D:10 !


Innate Abilities, Weirdness & Mutations

You are resistant to damage.
You can recharge devices by infusing magical energy.
You passively map a large area around you.
You do not heal naturally.
Scrolls take you a little longer to read.
You can breathe flames.


Message History

You closely miss something. You block its attack. The orc hits you.
The orc barely misses you. The orc hits you but does no damage.
You block the hill giant's attack.
MOVING TO (2,0)
You closely miss something. Something hits you but does no damage.
The orc hits you but does no damage. You block the orc's attack.
The orc barely misses you.
MOVING TO (1,-1)
You hit the orc.
The orc is heavily wounded.
Something hits you but does no damage. You block the orc's attack.
The hill giant hits you with a giant spiked club!
The orc barely misses you. You block the orc's attack.
MOVING TO (0,-1)
You hit the hill giant!
The hill giant is severely wounded.
Something hits you but does no damage. You block the orc's attack.
The orc hits you but does no damage.
The hill giant hits you with a giant spiked club!!
You die...

# ############# #
#...........# #
#oC........[# ##
#go.........#####.
#o{......$)))....o
#...........######
#...........# #
#...........#
#...........#
##########.## #.#
..#


You could see a hill giant and 3 orcs.

Table legend:
 A = Turns spent in this place as a percentage of turns spent in the entire game.
 B = Non-inter-level travel turns spent in this place as a percentage of non-inter-level travel turns spent in the entire game.
 C = Inter-level travel turns spent in this place as a percentage of turns spent in this place.
 D = Turns resting spent in this place as a percentage of non-inter-level travel turns spent in this place.
 E = Turns spent auto-exploring this place as a percentage of non-inter-level travel turns spent in this place.
 F = Non-inter-level travel turns spent in this place divided by the number of levels of this place that you've seen.
                   A       B       C       D       E      F
               +-------+-------+-------+-------+-------+----------------------
         Total | 100.0 | 100.0 |   0.4 |   0.0 |   2.4 | 1564.6
       Dungeon |  99.4 |  99.4 |   0.4 |   0.0 |   2.4 | 1696.4
        Temple |   0.6 |   0.6 |   0.9 |   0.0 |   5.2 | 115.0
               +-------+-------+-------+-------+-------+----------------------

Table legend:
 A = Kills in this place as a percentage of kills in entire the game.
 B = Kills by you in this place as a percentage of kills by you in the entire game.
 C = Kills by friends in this place as a percentage of kills by friends in the entire game.
 D = Other kills in this place as a percentage of other kills in the entire game.
 E = Experience gained in this place as a percentage of experience gained in the entire game.
 F = Experience gained in this place divided by the number of levels of this place that you have seen.
                   A       B       C       D       E      F
               +-------+-------+-------+-------+-------+----------------------
         Total | 100.0 | 100.0 | 100.0 |  -nan | 100.0 | 802.7
       Dungeon | 100.0 | 100.0 | 100.0 |  -nan | 100.0 | 875.6
               +-------+-------+-------+-------+-------+----------------------

Vanquished Creatures
  An ugly thing (D:11)
  Grinder (D:3)
  A troll (D:9)
  4 yaks
  A hungry ghost (D:7)
  A steam dragon (D:7)
  A deep elf fighter (D:8)
  Edmund (D:8)
  A water moccasin (D:10)
  4 sky beasts
  5 ice beasts
  A black bear (D:10)
  A necrophage (D:8)
  4 ogres
  4 orc warriors
  4 centaurs
  2 big kobolds
  Sigmund (D:3)
  Duvessa (D:6)
  8 giant frogs
  Blork the orc (D:5)
  7 wights
  3 scorpions
  2 killer bees (D:8)
  Dowan (D:6)
  3 crimson imps
  A centaur skeleton (D:10)
  A giant frog zombie (D:9)
  A jelly (D:5)
  2 goliath beetles (D:8)
  4 hounds
  5 orc wizards (D:7)
  7 orc priests
  A giant frog skeleton (D:8)
  3 worker ants
  4 iguanas
  Natasha (twice) (D:3)
  A quasit (D:7)
  Terence (D:2)
  A worker ant zombie (D:7)
  7 adders
  3 shadow imps
  3 giant mites
  A white imp (D:5)
  5 worms
  3 adder skeletons
  5 giant geckos
  31 orcs
  A ball python (D:8)
  5 giant cockroaches
  8 hobgoblins
  10 jackals
  7 quokkas
  19 bats
  6 giant newts
  7 goblins
  3 goblin skeletons (D:5)
  A goblin zombie (D:5)
  4 hobgoblin zombies (D:5)
  A jackal zombie (D:5)
  20 kobolds
  A kobold zombie (D:5)
  An orc skeleton (D:5)
  34 rats
  A ballistomycete (D:8)
  A fungus (D:8)
286 creatures vanquished.

Vanquished Creatures (collateral kills)
  3 yaks (D:10)
  4 killer bees (D:8)
  An orc priest (D:11)
  A worker ant (D:11)
  2 orc wizards (D:11)
  7 orcs
  A hobgoblin (D:11)
  5 rats (D:8)
24 creatures vanquished.

Vanquished Creatures (others)
  3 orange demons
  2 ynoxinuls (D:11)
  A neqoxec (D:11)
  A shadow imp (D:11)
  2 ufetubi (D:11)
  A giant spore (D:8)
10 creatures vanquished.

Grand Total: 320 creatures vanquished

Notes
Turn   | Place    | Note
--------------------------------------------------------------
     0 | D:1      | gw, the Deep Dwarf Fighter, began the quest for the Orb.
     0 | D:1      | Reached XP level 1. HP: 20/20 MP: 1/1
    96 | D:1      | Reached XP level 2. HP: 24/27 MP: 2/2
   744 | D:2      | Reached XP level 3. HP: 31/33 MP: 3/3
   912 | D:2      | Noticed Terence
   930 | D:2      | Killed Terence
   930 | D:2      | Reached skill level 1 in Evocations
   930 | D:2      | Reached XP level 4. HP: 27/42 MP: 4/4
  1151 | D:2      | Reached skill level 1 in Throwing
  1522 | D:3      | Noticed Grinder
  1523 | D:3      | Noticed a giant frog
  1529 | D:3      | Killed a giant frog
  1529 | D:3      | Reached skill level 4 in Armour
  1529 | D:3      | Reached XP level 5. HP: 35/49 MP: 6/6
  1546 | D:3      | Paralysed by Grinder for 6 turns
  1561 | D:3      | Paralysed by Grinder for 5 turns
  1591 | D:3      | Killed Grinder
  1591 | D:3      | Reached XP level 6. HP: 37/56 MP: 7/7
  2104 | D:3      | Noticed Natasha
  2111 | D:3      | Killed Natasha
  2188 | D:3      | Noticed Sigmund
  2211 | D:3      | Killed Sigmund
  2211 | D:3      | Reached XP level 7. HP: 35/63 MP: 7/7
  2363 | D:3      | Noticed Natasha
  2380 | D:3      | Killed Natasha
  2911 | D:4      | Reached skill level 5 in Armour
  2964 | D:4      | Found a staircase to the Ecumenical Temple.
  2971 | Temple   | Entered the Ecumenical Temple
  2975 | Temple   | Became a worshipper of Makhleb the Destroyer
  3117 | D:5      | Entered Level 5 of the Dungeon
  3154 | D:5      | Found a glowing golden altar of the Shining One.
  3236 | D:5      | Found Suumali's Antique Armour Boutique.
  3357 | D:5      | Reached skill level 5 in Maces & Flails
  3369 | D:5      | Noticed Blork the orc
  3449 | D:5      | Killed Blork the orc
  3449 | D:5      | Reached skill level 5 in Shields
  3449 | D:5      | Reached skill level 1 in Invocations
  3635 | D:5      | Acquired Makhleb's first power
  4544 | D:6      | Found Vaec's General Store.
  4602 | D:6      | Found a white marble altar of Elyvilon.
  4685 | D:6      | Reached XP level 8. HP: 43/72 MP: 7/7
  4721 | D:6      | Noticed Duvessa
  4721 | D:6      | Noticed Dowan
  4728 | D:6      | Killed Duvessa
  4740 | D:6      | Killed Dowan
  5233 | D:6      | Gained mutation: You can breathe flames. [potion of mutation]
  5233 | D:6      | Gained mutation: You passively map the area around you. [potion of mutation]
  5233 | D:6      | Gained mutation: Scrolls take you a little longer to read. [potion of mutation]
  5300 | D:7      | Reached skill level 6 in Maces & Flails
  5428 | D:7      | Acquired Makhleb's second power
  5759 | D:7      | Reached skill level 5 in Fighting
  5759 | D:7      | Gained mutation: You passively map a large area around you. [level up]
  5759 | D:7      | Reached XP level 9. HP: 45/81 MP: 12/12
  6043 | D:7      | Reached skill level 7 in Maces & Flails
  6302 | D:8      | Noticed Edmund
  6317 | D:8      | Killed Edmund
  6568 | D:8      | Found Gozag's Platinum Reserve.
  6568 | D:8      | Found an opulent altar of Gozag.
  6661 | D:8      | Acquired Makhleb's third power
  6774 | D:8      | Reached skill level 5 in Invocations
  6998 | D:8      | Reached skill level 8 in Maces & Flails
  7042 | D:8      | Found a staircase to the Lair.
  7053 | D:8      | Acquired Makhleb's fourth power
  7634 | D:9      | Reached XP level 10. HP: 89/89 MP: 14/15
  7719 | D:9      | Found a bloodstained altar of Trog.
  8502 | D:10     | Entered Level 10 of the Dungeon
  8602 | D:10     | Reached skill level 5 in Throwing
  8663 | D:10     | Found Qieqaq's Distillery.
  9248 | D:10     | Reached skill level 9 in Maces & Flails
  9874 | D:11     | Found a sacrificial altar of Ru.
  9882 | D:11     | Noticed a hill giant
  9888 | D:11     | Noticed a hill giant
  9888 | D:11     | Noticed a cyan ugly thing
  9942 | D:11     | Killed a cyan ugly thing
  9979 | D:11     | HP: 2/90 [hill giant/giant spiked club (4)]
  9980 | D:11     | Demolished by a hill giant

Action                   |  1- 3 |  4- 6 |  7- 9 | 10-12 || total
-------------------------+-------+-------+-------+-------++-------
Melee: Flail             |   111 |   132 |   439 |       ||   682
       Morningstar       |       |       |   151 |   170 ||   321
Throw: Stone             |    26 |    42 |   133 |    26 ||   227
       Javelin           |    23 |     8 |       |       ||    31
       Tomahawk          |       |       |    53 |    46 ||    99
Invok: Lesser Servant of |       |       |     2 |     6 ||     8
 Abil: Device Recharging |       |     1 |     2 |     2 ||     5
       Breathe Fire      |       |       |    22 |    20 ||    42
Evoke: Wand              |       |     8 |    15 |    12 ||    35
  Use: Scroll            |     1 |     4 |    12 |     2 ||    19
       Potion            |     1 |     3 |     7 |     2 ||    13
 Stab: Distracted        |       |       |     1 |       ||     1
  Eat: Chunk             |       |     5 |    25 |    11 ||    41

Vault maps used:
D:1:      erik_arrival_orb_chamber, fountainhead,
          hangedman_abyss_or_decor_lesser_grid
D:2:      nicolae_overflow_hidden_temple, uniq_terence
D:3:      uniq_natasha, uniq_sigmund, uniq_grinder
D:4:      kennysheep_mini, lemuel_crystal_altar,
          minmay_temple_entry_statues_pillars, first_bread
D:5:      serial_shops, shop, nicolae_tso_besieged_by_evil, uniq_blork_the_orc
D:6:      basic_altar, serial_shops, nicolae_shop_stone, uniq_duvessa
D:8:      nicolae_gozag_zags_fifth_avenue, grunt_lair_entry_elf_guard_hut,
          uniq_edmund
D:9:      lemuel_coloured_pillars_altar
D:10:     serial_shops, nicolae_shop_stone, grunt_pizzeria,
          kennysheep_another_room
D:11:     hiddenorc2_lemuel, basic_altar, corexii_leaking_fountain,
          grunt_ministairs_2
Temple:   zaba_magenta_temple_12
